 Dungeon Crawl Stone Soup version 0.28.0-47-ge53b351184 (webtiles) character file.

Game seed: 2126437862108735267

2709 CryoSword the Grappler (level 7, -1/72 HPs)
             Began as a Troll Fighter on May 3, 2022.
             Was a Believer of Ru.
             Slain by a wyvern (9 damage)
             ... on level 7 of the Dungeon.
             The game lasted 00:11:19 (5700 turns).

CryoSword the Grappler (Troll Fighter)              Turns: 5700, Time: 00:11:19

Health: -1/72      AC:  9    Str: 25    XL:     7   Next: 39%
Magic:  6/6        EV:  8    Int:  6    God:    Ru [**....]
Gold:   422        SH:  8    Dex:  9    Spells: 6/6 levels left

rFire   . . .      SeeInvis +     - Unarmed
rCold   + . .      Faith    .   b - +0 kite shield
rNeg    . . .      Spirit   .   I - +0 acid dragon scales
rPois   .          Reflect  .   (helmet restricted)
rElec   .          Harm     .   j - +0 cloak
rCorr   +          Rampage  .   (gloves unavailable)
Will    .....                   (boots unavailable)
Stlth   +.........              (no amulet)
HPRegen 1.02/turn               A - ring of protection from cold
MPRegen 0.10/turn               C - ring of see invisible

@: no status effects
A: large, unfitting armour, claws 3, regeneration 1, shaggy fur 1, tough skin 1,
inexperienced 1
a: Renounce Religion


You were on level 7 of the Dungeon.
You worshipped Ru.
Ru was pleased with you.
You visited 2 branches of the dungeon, and saw 9 of its levels.
You also visited: Sewer.

You collected 422 gold pieces.

Inventory:

Hand Weapons
 w - a +5 vorpal morningstar
   (You took it off Maggie on level 6 of the Dungeon)
Missiles
 i - a throwing net
 l - 7 poisoned darts
 m - 3 curare-tipped darts (quivered)
Armour
 b - a +0 kite shield (worn)
 j - a +0 cloak (worn)
   (You found it on level 1 of the Dungeon)
 I - +0 acid dragon scales (worn)
   (You took it off Maggie on level 6 of the Dungeon)
Jewellery
 o - a ring of flight
   (You took it off an orc on level 2 of the Dungeon)
 A - a ring of protection from cold (left claw)
   (You found it on level 4 of the Dungeon)
 B - a ring of protection from fire
   (You found it on level 5 of the Dungeon)
 C - a ring of see invisible (right claw)
   (You found it on level 5 of the Dungeon)
 E - a ring of protection from cold
   (You found it on level 5 of the Dungeon)
 H - a ring of positive energy
   (You found it on level 3 of the Dungeon)
Wands
 h - a wand of flame (26)
   (You found it on level 7 of the Dungeon)
 G - a wand of paralysis (6)
   (You took it off Maggie on level 6 of the Dungeon)
 J - a wand of iceblast (7)
   (You found it on level 7 of the Dungeon)
Scrolls
 a - 3 scrolls of silence {unknown}
 d - 3 scrolls of blinking {unknown}
 e - a scroll of acquirement {unknown}
 f - a scroll of fog
 q - 2 scrolls of enchant armour {unknown}
 t - 3 scrolls of vulnerability {unknown}
 x - a scroll of holy word {unknown}
 y - 2 scrolls of magic mapping {unknown}
 D - 3 scrolls of teleportation {unknown}
 F - 2 scrolls of brand weapon {unknown}
 K - a scroll of identify {@r1}
Potions
 c - 3 potions of might
 g - 3 potions of attraction {unknown}
 k - 3 potions of curing {@q1}
 n - 4 potions of haste {@q3}
 p - a potion of brilliance {unknown}
 r - 3 potions of invisibility {unknown}
 s - a potion of magic {unknown}
 u - a potion of mutation {unknown}
 v - 3 potions of heal wounds {unknown}
 z - 2 potions of lignification {unknown}


   Skills:
 + Level 5.2 Fighting
 + Level 5.3 Throwing
 * Level 0.4 Armour
 * Level 2.5 Dodging
 + Level 5.3 Shields
 * Level 8.3 Unarmed Combat


You had 6 spell levels left.
You didn't know any spells.
Your spell library contained the following spells:

 Spells                   Type           Power      Damage    Failure   Level
 Ozocubu's Armour         Ice            0%         N/A       99%         3
 Summon Lightning Spire   Summ/Air       0%         N/A       100%        4
 Ozocubu's Refrigeration  Ice            0%         4d5       100%        7
 Storm Form               Tmut/Air       0%         N/A       100%        7
 Maxwell's Capacitive Co  Air            0%         ∞         100%        8


Dungeon Overview and Level Annotations

Branches:
Dungeon (8/15)             Temple (1/1) D:4           Sewer (visited)
   Lair: D:8-11

Altars:
Ashenzari
Cheibriados
Dithmenos
Elyvilon
Fedhas
Gozag
Hepliaklqana
Kikubaaqudgha
Makhleb
Nemelex Xobeh
Qazlal
Ru
Trog
Uskayaw
Vehumet
Wu Jian
Xom
Zin
The Shining One

Annotations:
D:4 1 transporter, teukkam's ghost, amateur DsNe


Innate Abilities, Weirdness & Mutations

You are too large for most types of armour.
You have claws for hands.
Your natural rate of healing is unusually fast.
You are covered in fur. (AC +1)
You have tough skin. (AC +1)
You are somewhat inexperienced. (-2 XL)


Message History

Found a stone staircase leading down.
Could not explore, unopened door.
You open the door.
There is an open door here.
Could not explore, unopened door.
Could not explore, unopened door.
You open the door.
There is an open door here.
You see here a +0 flail.
There is an open door here.
Could not explore, unopened door.
You open the door.
There is an open door here.
D - 3 scrolls labelled OLIH QAGRUIK (gained 1)
Found a dagger.
There is an open door here.
There is an open door here.
There is an open door here.
Things that are here:
a +0 short sword; a +0 ring mail; an orc skeleton
Things that are here:
a +2 dagger of freezing; a +0 ring mail; an orc skeleton
There is an open door here.
You open the door.
There's nothing to open nearby.
Found a cloak.
There is an open door here.
Things that are here:
a +0 flail; a +0 halberd; a gnoll skeleton Could not explore, unopened door.
Could not explore, unopened door.
You open the door.
There is an open door here.
Done exploring.
Done exploring.
There is a stone staircase leading down here.
You climb downwards.
The water moccasin hisses angrily.
There is a stone staircase leading up here.
Found a stone staircase leading up.
You block the water moccasin's attack.
You claw the water moccasin! The water moccasin bites you. x2
You miss the water moccasin.
The water moccasin bites you but does no damage.
You claw the water moccasin!
You kill the water moccasin!
You barely miss the howler monkey zombie.
The howler monkey zombie hits you.
You mangle the howler monkey zombie!!
You block the howler monkey zombie's attack.
You scratch the howler monkey zombie.
You destroy the howler monkey zombie!
No target in view!
A wolf comes into view.
The wolf howls!
You hear an angry hiss. x3
A water moccasin comes into view.
A wyvern comes into view.
There are monsters nearby!
There are monsters nearby!
There are monsters nearby!
A water moccasin and a basilisk come into view.
The water moccasin hisses angrily. x2; You hear an angry hiss.
You hear a howl!
You hear an angry hiss.
A scorpion comes into view.
The wyvern bites the bush.
A wyvern comes into view.
The water moccasin bites the bush but does no damage.
Ru believes you are ready to make a new sacrifice.
Do you really want to reject the sacrifices Ru is offering?
Ru will take longer to evaluate your readiness.
The wyvern hisses angrily.
A water moccasin comes into view.
The water moccasin bites the bush but does no damage.
A wolf comes into view.
You miss the wolf.
The wolf howls!
The wolf bites you!
You scratch the wolf but do no damage. The wolf bites you.
The basilisk bites the bush.
A wyvern comes into view.
The wolf bites you but does no damage.
You barely miss the wolf.
The wyvern hisses angrily.
You hear an angry hiss.
You block the wolf's attack.
The wolf bites the fungus!
The fungus begins to die.
You redirect the basilisk's attack!
The basilisk gazes at the water moccasin.
The water moccasin resists with significant effort.
The wyvern hisses menacingly.
You closely miss the wolf. The wolf bites you!
The water moccasin bites something.
A water moccasin comes into view.
The water moccasin bites the plant.
The plant begins to die.
The wolf bites you but does no damage.
The scorpion stings the plant.
The wolf bites the fungus!
The water moccasin bites something.
The water moccasin bites the plant!
You scratch the wolf. You block the wolf's attack.
The wolf bites the fungus!
The scorpion stings the plant!
The water moccasin bites the plant.
The wolf bites you.
The wolf bites the fungus.
You barely miss the wolf.
The water moccasin bites the plant!
The scorpion stings the plant.
You block the wolf's attack.
The wolf bites the plant.
The plant begins to die.
You closely miss the wolf. The wolf bites you but does no damage.
The wolf bites the plant.
The water moccasin bites the plant.
The scorpion stings the plant.
The basilisk bites the plant.
The wolf bites you.
The water moccasin bites the plant.
The wolf bites the plant!
The scorpion stings the plant.
A nearby plant withers and dies.
A nearby fungus withers and dies.
You block the wolf's attack. The wolf bites you but does no damage.
The wolf closely misses you. The wolf barely misses you.
The wyvern barely misses you.
The wolf is stunned by your conviction and fails to attack.
The wyvern bites you. The wolf barely misses you.
There is a stone staircase leading up here.
The wyvern barely misses you. The wolf bites you. The wyvern bites you.
The wyvern closely misses you. The wyvern bites you.
You climb upwards.
There is a stone staircase leading down here.
You barely miss the wyvern.
The wolf is stunned by your conviction and fails to attack.
The wyvern bites you.
The wyvern bites you but does no damage.
The wolf bites you. The wyvern bites you!
* * * LOW HITPOINT WARNING * * *
You mangle the wyvern!! The wyvern barely misses you.
The wolf barely misses you. The wyvern barely misses you. The wyvern bites you.
* * * LOW HITPOINT WARNING * * *
You block the wolf's attack.
You claw the wyvern!
The wyvern bites you but does no damage.
The wolf closely misses you. The wyvern bites you.
* * * LOW HITPOINT WARNING * * *
You closely miss the wyvern. The wyvern barely misses you. The wolf bites you.
* * * LOW HITPOINT WARNING * * *
The wyvern bites you.
* * * LOW HITPOINT WARNING * * *
You block the wyvern's attack. You block the wolf's attack.
You closely miss the wyvern. The wyvern barely misses you.
The wolf closely misses you. You block the wyvern's attack.
The wyvern bites you.
* * * LOW HITPOINT WARNING * * *
You focus your inner power and illuminate the wyvern in retribution!
You scratch the wyvern but do no damage.
The wolf bites you.
* * * LOW HITPOINT WARNING * * *
The wyvern bites you!
* * * LOW HITPOINT WARNING * * *
The wyvern bites you!
You die...

##### ###..##+####.##..##.##..##
.##.## ##..##..###.######.######
.....# #......................+.
.....# #...........[..........#.
.....# #...............(......#.
.....# #.............÷........#.
.....# #......................#.
.#..## ########l####.)##########
.###############@####.)###.##..##
.♣ #.[.....#...#lh)#..).........#
.♣♣#.......#...#...'............'
...........#...#...#......^.....#
.♣♣#####..###'##..###.###.###...#
.♣ #..######..##..###########...#
.###...#...............#.......(#
.#.....#...............#........#
.#[....#...............'..).....#


You could see 2 wyverns and a wolf.

Vanquished Creatures
  Maggie (D:6)
  Prince Ribbit (D:6)
  2 water moccasins
  A hornet zombie (D:5)
  2 sky beasts
  2 ogres (D:6)
  A necrophage (D:4)
  2 phantoms
  A kobold brigand (D:6)
  A scorpion (D:4)
  A bullfrog (D:7)
  A gnoll sergeant (D:4)
  A wyvern skeleton (D:5)
  6 killer bees
  A centaur zombie (D:6)
  4 jellies
  2 bullfrog skeletons (D:6)
  2 gnoll shamans
  2 centaur skeletons
  3 orc wizards
  A hound skeleton (D:4)
  2 howler monkey zombies
  17 gnolls
  14 adders
  2 river rats (Sewer)
  A white imp (D:7)
  An adder skeleton (D:4)
  3 worms
  4 dart slugs
  9 orcs
  14 endoplasms
  6 giant cockroaches
  6 goblins
  6 hobgoblins
  9 quokkas
  5 ball pythons
  4 bats
  8 frilled lizards
  10 kobolds
  5 rats
164 creatures vanquished.

Vanquished Creatures (others)
  A fungus (D:8)
  5 plants (D:8)
  4 toadstools (D:1)
10 creatures vanquished.

Grand Total: 174 creatures vanquished

Notes
Turn   | Place    | Note
-------+----------+-------------------------------------------
     0 | D:1      | CryoSword the Troll Fighter began the quest for the Orb.
     0 | D:1      | Reached XP level 1. HP: 22/22 MP: 0/0
   242 | D:1      | Reached XP level 2. HP: 29/29 MP: 1/1
   568 | D:1      | Found a faded altar of an unknown god.
   717 | D:2      | Reached XP level 3. HP: 36/36 MP: 2/2
   721 | D:2      | Reached skill level 3 in Unarmed Combat
  1209 | D:3      | Reached XP level 4. HP: 36/44 MP: 3/3
  1423 | D:3      | Found a glowing drain.
  1427 | Sewer    | Entered a sewer
  1456 | Sewer    | Reached XP level 5. HP: 53/53 MP: 4/4
  1472 | Sewer    | Reached skill level 4 in Unarmed Combat
  1594 | Sewer    | Found a viscous altar of Jiyva.
  1865 | D:3      | Reached XP level 6. HP: 33/61 MP: 5/5
  2301 | D:4      | Noticed teukkam's ghost (amateur DsNe)
  2301 | D:4      | Identified the +5 great mace "Sysesch" {elec, rN+ Int+4
                  | Stlth+}
  2302 | D:4      | Found a transporter.
  2319 | D:4      | Found a staircase to the Ecumenical Temple.
  2332 | Temple   | Entered the Ecumenical Temple
  2428 | Temple   | Became a worshipper of Ru the Awakened
  2508 | D:4      | Reached skill level 5 in Unarmed Combat
  2751 | D:4      | Reached XP level 7. HP: 68/68 MP: 6/6
  2892 | D:5      | Entered Level 5 of the Dungeon
  2956 | D:4      | Reached skill level 1 in Throwing
  3145 | D:5      | Reached skill level 6 in Unarmed Combat
  3244 | D:5      | Gained mutation: You are somewhat inexperienced. (-2 XL)
                  | [Ru sacrifice]
  3244 | D:5      | Reached XP level 6. HP: 62/62 MP: 5/5
  3244 | D:5      | Reached XP level 5. HP: 54/54 MP: 4/4
  3244 | D:5      | Reached * piety under Ru
  3244 | D:5      | Reached ** piety under Ru
  3538 | D:5      | Identified the +7 glaive of Doom {vorpal, *Corrode rC+
                  | Int+4}
  3683 | D:5      | Found a bloodstained altar of Trog.
  3992 | D:6      | Reached XP level 6. HP: 48/62 MP: 5/5
  4048 | D:6      | Noticed Prince Ribbit
  4065 | D:6      | Killed Prince Ribbit
  4128 | D:6      | Noticed Maggie
  4281 | D:6      | Reached skill level 7 in Unarmed Combat
  4602 | D:6      | Found a shadowy altar of Dithmenos.
  4773 | D:6      | Paralysed by Maggie for 5 turns
  4783 | D:6      | Killed Maggie
  4784 | D:6      | Reached skill level 5 in Fighting
  4784 | D:6      | Reached skill level 5 in Shields
  4784 | D:6      | Reached XP level 7. HP: 70/72 MP: 6/6
  5058 | D:7      | Reached skill level 5 in Throwing
  5070 | D:7      | Reached skill level 8 in Unarmed Combat
  5700 | D:7      | Slain by a wyvern

Illustrated notes

Levels and vault maps discovered:
D:1:      ldierk_walled_garden_2, layout_basic,
          hellmonk_ecumenical_altar_leap_of_faith, grunt_decor_clamped,
          minmay_crystal_room, minmay_misc_feat_tower
D:2:      layout_loops_cross, st_stairs_8, minmay_tromino_v4_b
D:3:      layout_loops_ring, gup_sewer_entry_spiral, kennysheep_crisscross,
          minmay_pentomino_pile
D:4:      layout_rooms, minmay_temple_entry_junction_2, gammafunk_ghost_smash,
          minmay_cut_off
D:5:      layout_gridville, lightli_temple_of_fire, minmay_misc_feat_square,
          minmay_misc_feat_enclosed
D:6:      layout_loops_ring, lemuel_coloured_pillars_altar, minivault_4,
          uniq_prince_ribbit1, uniq_maggie
D:7:      layout_gridville, minmay_tree_intersection
D:8:      layout_rooms, minmay_lair_entry_grove
Temple:   mainiacjoe_temple_bowtie_tessellation

Skill      XL: |  1  2  3  4  5  6  7 |
---------------+----------------------+-----
Unarmed Combat | 3 4 7 8 |  8.3
Fighting       | 3 5 4 |  5.2
Shields        | 3 5 4 |  5.3
Throwing       | 2 4 5 |  5.3
Armour         | |  0.4
Dodging        | |  2.5

Action                   |  1- 3 |  4- 6 |  7- 9 || total
-------------------------+-------+-------+-------++-------
Melee: Unarmed           |   107 |   264 |   148 ||   519
Throw: Dart              |       |     5 |       ||     5
Invok: Sacrifice Experie |       |     1 |       ||     1
       Reject Sacrifices |       |       |     1 ||     1
  Use: Scroll            |       |     4 |     5 ||     9
 Stab: Sleeping          |     1 |     3 |       ||     4
       Distracted        |       |       |     1 ||     1
Armor: Robe              |    48 |    74 |     7 ||   129
       Acid dragon scale |       |       |    36 ||    36
Dodge: Dodged            |    36 |    75 |    60 ||   171
Block: Kite shield       |    29 |    83 |    65 ||   177
